 Dungeon Crawl Stone Soup version 0.28.0-45-g0d030f2227 (webtiles) character file.

Game seed: 3250607093694152628

16219 protoss039 the Thaumaturge (level 12, -3/67 HPs)
             Began as a Deep Elf Air Elementalist on Apr 1, 2022.
             Was a Priest of Sif Muna.
             Slain by Snorg (19 damage)
             ... on level 12 of the Dungeon.
             The game lasted 00:47:11 (14854 turns).

protoss039 the Thaumaturge (DEAE)                  Turns: 14854, Time: 00:47:12

Health: -3/67      AC:  8    Str:  5    XL:     12   Next: 8%
Magic:  2/32       EV: 13    Int: 26    God:    Sif Muna [***...]
Gold:   562        SH:  0    Dex: 21    Spells: 15/40 levels left

rFire   . . .      SeeInvis .   x - +6 long sword of Instant Death {pain, rElec rC+}
rCold   + . .      Faith    .   (no shield)
rNeg    + . .      Spirit   .   a - +0 robe
rPois   .          Reflect  .   r - +0 helmet
rElec   +          Harm     .   f - +0 cloak
rCorr   .          Rampage  .   c - +2 pair of gloves
Will    +....                   j - +0 pair of boots
Stlth   +++.......              h - amulet of magic regeneration
HPRegen 0.21/turn               e - ring of positive energy
MPRegen 0.63/turn               D - +6 ring of dexterity

@: swift, about to teleport, quick
A: no striking features
a: Renounce Religion, Channel Magic, Forget Spell


You were on level 12 of the Dungeon.
You worshipped Sif Muna.
Sif Muna was most pleased with you.
You visited 2 branches of the dungeon, and saw 13 of its levels.
You also visited: Ossuary.

You collected 609 gold pieces.
You spent 47 gold pieces at shops.

Inventory:

Hand Weapons
 x - the +6 long sword of Instant Death (weapon) {pain, rElec rC+}
   (You found it on level 6 of the Dungeon)

   In the hands of one skilled in necromantic magic, it inflicts extra damage on
   living creatures.
   rC:        It protects you from cold.
   rElec:     It insulates you from electricity.
 G - a +5 mace of freezing
Missiles
 l - 6 throwing nets
Armour
 a - a +0 robe (worn)
 c - a +2 pair of gloves (worn)
 f - a +0 cloak (worn)
 j - a +0 pair of boots (worn)
 r - a +0 helmet (worn)
 t - an orb of light
Jewellery
 e - a ring of positive energy (left hand)
 h - an amulet of magic regeneration (around neck)
 D - a +6 ring of dexterity (right hand)
 J - an amulet of guardian spirit
Wands
 H - a wand of charming (2)
 K - a wand of flame (22)
 L - a wand of paralysis (3)
 N - a wand of mindburst (9)
Scrolls
 b - 5 scrolls of teleportation
 d - a scroll of immolation {unknown}
 g - 2 scrolls of identify
 m - a scroll of holy word {unknown}
 o - 3 scrolls of amnesia {unknown}
 p - a scroll of torment {unknown}
 q - 2 scrolls of vulnerability {unknown}
 y - 3 scrolls of enchant armour
 z - a scroll of enchant weapon {unknown}
 A - a scroll of silence {unknown}
 C - a scroll of summoning {unknown}
 E - a scroll of fog {unknown}
 F - a scroll of magic mapping {unknown}
Potions
 i - 3 potions of heal wounds
 k - 3 potions of brilliance {unknown}
 n - a potion of resistance {unknown}
 s - 3 potions of curing
 u - a potion of berserk rage {unknown}
 v - 2 potions of lignification {unknown}
 w - 2 potions of might
 B - 2 potions of magic
 I - a potion of flight {unknown}
 M - a potion of haste {unknown}
 O - a potion of ambrosia {unknown}


   Skills:
 * Level 4.3 Fighting
 - Level 1.0 Short Blades
 - Level 3.0 Dodging
 - Level 3.0 Stealth
 + Level 14.8 Spellcasting
 + Level 6.6 Conjurations
 * Level 6.6 Transmutations
 + Level 10.6 Air Magic
 * Level 3.7 Earth Magic
 - Level 3.0 Poison Magic
 * Level 6.4 Invocations


You had 15 spell levels left.
You knew the following spells:

 Your Spells              Type           Power      Damage    Failure   Level
a - Shock                 Conj/Air       100%       1d9       1%          1
b - Static Discharge      Conj/Air       59%        N/A       1%          2
c - Swiftness             Air            65%        N/A       1%          3
d - Airstrike             Air            32%        N/A       1%          4
e - Olgreb's Toxic Radia  Pois           34%        N/A       9%          4
f - Lightning Bolt        Conj/Air       29%        1d46      2%          5
g - Statue Form           Tmut/Erth      30%        N/A       45%         6

Your spell library contained the following spells:

 Spells                   Type           Power      Damage    Failure   Level
 Sting                    Tmut/Pois      100%       1d8       1%          1
 Corpse Rot               Necr/Air       92%        N/A       1%          2
 Poisonous Vapours        Pois/Air       100%       N/A       1%          2
 Spider Form              Tmut/Pois      44%        N/A       1%          3
 Conjure Flame            Conj/Fire      36%        6-21      2%          3
 Ignite Poison            Fire/Tmut/Pois 35%        N/A       2%          3
 Ensorcelled Hibernation  Hex/Ice        38%        N/A       4%          2
 Sticky Flame             Conj/Fire      36%        2d6       7%          4
 Summon Guardian Golem    Hex/Summ       19%        N/A       9%          3
 Leda's Liquefaction      Hex/Erth       14%        N/A       13%         4
 Lee's Rapid Deconstruct  Erth           19%        3d12*     17%         5
 Anguish                  Hex/Necr       9%         N/A       28%         4
 Dispel Undead            Necr           19%        3d11      28%         4
 Orb of Destruction       Conj           26%        9d9       85%         7
 Maxwell's Capacitive Co  Air            32%        ∞         94%         8
 Spellforged Servitor     Conj/Summ      18%        N/A       99%         7


Dungeon Overview and Level Annotations

Branches:
Dungeon (12/15)            Temple (1/1) D:5            Lair (0/6) D:11
    Orc (0/2) D:11        Ossuary (visited)

Altars:
Ashenzari
Cheibriados
Dithmenos
Elyvilon
Fedhas
Gozag
Hepliaklqana
Kikubaaqudgha
Makhleb
Nemelex Xobeh
Okawaru
Qazlal
Ru
Sif Muna
Trog
Uskayaw
Vehumet
Wu Jian
Xom
Yredelemnul
Zin
The Shining One

Shops:
D:2 [((   D:6 :   D:7 *   D:9 (*?:[   D:11 =   D:12 ?

Annotations:
D:3 3 runed translucent doors, jacek's ghost, amateur HOMo
D:6 1 exclusion
D:11 exclusion: ice statue
D:12 Snorg


Message History

Sif Muna accepts your kill.
The yak looks as sick as possible! x2
Your toxic aura wanes.
The yak barely misses you.
Unknown command.
You kill the yak!
Sif Muna accepts your kill.
Unknown command.
Unknown command.
You kill the yak!
Sif Muna accepts your kill.
Unknown command.
Snorg rages.
Unknown command.
You kill the yak!
Sif Muna accepts your kill.
Snorg rages.
Unknown command.
Casting: Airstrike (safe; 1% risk of failure)
Confirm with . or Enter, or press ? or * to list all spells.
Aiming: Airstrike (safe; 1% risk of failure)
Press: ? - help, Dir - move target, f/p - Snorg
Aim: Snorg (severely wounded, berserk, very poisoned, empty space bonus: 5/8)
The air twists around and strikes Snorg!
Snorg is severely wounded.
Snorg bites you but does no damage. Snorg claws you! x2
Unknown command.
Unknown command.
Okay, then.
Okay, then.
Okay, then.
As you read the scroll of teleportation, it crumbles to dust.
You feel strangely unstable. Snorg bites you.
Snorg claws you but does no damage. Snorg claws you.
Unknown command.
Unknown command.
Snorg bites you!
* * * LOW HITPOINT WARNING * * *
Snorg claws you!!
You die...

.. #......... #.###########
#.........
............############.........
....>............................
......##.........................
......##...........####..........
......##.......##..# #..........
......##.†.....##..####..........
.......†....†..T@................
#################################


You could see Snorg (berserk, very poisoned).

Vanquished Creatures
  A hydra (D:9)
  A boulder beetle (D:11)
  A death knight (D:11)
  4 two-headed ogres
  A cyclops (D:11)
  A manticore (D:12)
  A gargoyle (D:11)
  3 freezing wraiths (D:11)
  A komodo dragon (D:11)
  A troll (D:11)
  Grinder (D:5)
  4 wraiths
  28 yaks
  2 wyverns
  Grum (D:9)
  4 acid dragons
  2 water moccasins (D:7)
  Duvessa (D:6)
  2 orc warriors (D:11)
  An ice beast (D:5)
  3 necrophages
  2 ogres
  A black bear (D:6)
  A hornet zombie (D:7)
  A lemure (D:6)
  2 wolves (D:9)
  10 centaurs
  A phantom (D:7)
  A kobold brigand (D:11)
  An elf zombie (Ossuary)
  A scorpion (D:6)
  A bullfrog (D:9)
  A wyvern skeleton (D:7)
  Dowan (D:6)
  A howler monkey (D:10)
  5 wights (D:7)
  2 hounds
  3 centaur zombies
  2 human zombies (Ossuary)
  A gnoll shaman (D:7)
  3 orc priests
  A bullfrog skeleton (D:7)
  Jessica (D:3)
  2 iguanas (D:5)
  5 orc wizards
  A killer bee zombie (D:6)
  A hound zombie (D:3)
  2 mummies (Ossuary)
  A howler monkey zombie (D:10)
  Robin (D:4)
  13 gnolls
  A howler monkey skeleton (D:7)
  15 adders
  A white imp (D:8)
  2 ufetubi (D:5)
  An adder zombie (Ossuary)
  A worm (D:4)
  6 dart slugs
  32 orcs
  8 endoplasms
  3 giant cockroaches
  12 goblins
  13 hobgoblins
  3 quokkas
  4 ball pythons
  6 bats
  3 frilled lizards (D:1)
  2 goblin zombies (Ossuary)
  7 hobgoblin zombies (Ossuary)
  A jackal zombie (Ossuary)
  8 kobolds
  10 kobold zombies (Ossuary)
  10 orc zombies (Ossuary)
  5 rats
  A rat zombie (Ossuary)
288 creatures vanquished.

Vanquished Creatures (others)
  A wizard (D:7)
1 creature vanquished.

Grand Total: 289 creatures vanquished

Notes
Turn   | Place    | Note
-------+----------+-------------------------------------------
     0 | D:1      | protoss039 the Deep Elf Air Elementalist began the quest
                  | for the Orb.
     0 | D:1      | Reached XP level 1. HP: 10/10 MP: 6/6
   324 | D:1      | Reached XP level 2. HP: 15/15 MP: 6/8
  1223 | D:1      | Reached XP level 3. HP: 19/19 MP: 8/10
  1353 | D:1      | Learned a level 2 spell: Static Discharge
  1357 | D:1      | Learned a level 3 spell: Swiftness
  1505 | D:2      | Found Huegos's Antique Weapon Emporium.
  1646 | D:2      | Found an ornate altar of the Wu Jian Council.
  1703 | D:2      | Found Susokhlum's Antique Armour Emporium.
  1738 | D:2      | Found Ricitar's Weapon Boutique.
  2135 | D:3      | Noticed Jessica
  2149 | D:3      | Reached skill level 4 in Spellcasting
  2151 | D:3      | Killed Jessica
  2152 | D:3      | Reached XP level 4. HP: 15/24 MP: 9/12
  2396 | D:3      | Found a runed translucent gate.
  2396 | D:3      | Found a runed translucent gate.
  2396 | D:3      | Found a runed translucent gate.
  2398 | D:3      | Noticed jacek's ghost (amateur HOMo)
  2419 | D:3      | Found a hide-covered altar of Uskayaw.
  2486 | D:3      | Reached XP level 5. HP: 13/28 MP: 5/13
  3024 | D:3      | Reached skill level 1 in Short Blades
  3110 | D:3      | Reached skill level 5 in Spellcasting
  3391 | D:3      | Learned a level 4 spell: Airstrike
  3739 | D:4      | Reached XP level 6. HP: 32/32 MP: 16/16
  3891 | D:4      | Noticed Robin
  3905 | D:4      | Killed Robin
  4222 | D:5      | Entered Level 5 of the Dungeon
  4231 | D:5      | Noticed Grinder
  4235 | D:5      | Found a sand-covered staircase.
  4242 | Ossuary  | Entered an ossuary
  4452 | Ossuary  | Reached skill level 6 in Spellcasting
  5112 | D:5      | Reached XP level 7. HP: 33/36 MP: 16/18
  5197 | D:5      | Reached skill level 5 in Air Magic
  5366 | D:5      | Reached skill level 7 in Spellcasting
  5701 | D:5      | Found a staircase to the Ecumenical Temple.
  5869 | Temple   | Entered the Ecumenical Temple
  6082 | Temple   | Learned a level 4 spell: Olgreb's Toxic Radiance
  6088 | Temple   | Learned a level 5 spell: Lightning Bolt
  6179 | D:6      | Noticed Duvessa
  6180 | D:6      | Noticed Dowan
  6186 | D:6      | Killed Duvessa
  6187 | D:6      | Reached skill level 1 in Poison Magic
  6194 | D:6      | Killed Dowan
  6195 | D:6      | Reached skill level 1 in Fighting
  6318 | D:6      | Found a shimmering blue altar of Sif Muna.
  6334 | D:6      | Found a radiant altar of Vehumet.
  6372 | D:6      | Became a worshipper of Sif Muna the Loreminder
  6483 | D:6      | Reached XP level 8. HP: 43/43 MP: 17/21
  6497 | D:6      | Reached skill level 5 in Conjurations
  6519 | D:6      | Found Lyuziy's Self-Improvement Boutique.
  6646 | D:6      | You fall into a shaft and drop 2 floors!
  6665 | D:8      | Reached skill level 8 in Spellcasting
  7478 | D:8      | Reached skill level 1 in Invocations
  8087 | D:6      | Reached skill level 9 in Spellcasting
  8235 | D:6      | Reached XP level 9. HP: 45/50 MP: 3/24
  8435 | D:6      | Identified the +6 long sword of Instant Death {pain, rElec
                  | rC+}
  8502 | D:5      | Killed Grinder
  8544 | D:6      | Learned a level 6 spell: Statue Form
  8567 | D:7      | Reached * piety under Sif Muna
  8571 | D:7      | Reached skill level 1 in Earth Magic
  8593 | D:7      | Reached skill level 10 in Spellcasting
  8652 | D:7      | Reached skill level 1 in Transmutations
  8800 | D:7      | Found a bloodstained altar of Trog.
  8803 | D:7      | Noticed a wizard
  8809 | D:7      | Killed a wizard
  8973 | D:7      | Found Cinojiwani's Commerce Corner.
  8981 | D:7      | Bought a potion of curing for 36 gold pieces
  9085 | D:7      | Found a blossoming altar of Fedhas.
  9722 | D:9      | Reached skill level 11 in Spellcasting
  9832 | D:9      | Reached XP level 10. HP: 56/56 MP: 18/27
  9853 | D:9      | Noticed Grum
  9857 | D:9      | Killed Grum
  9961 | D:9      | Found Holooz's Antique Armour Boutique.
 10053 | D:9      | Noticed a six-headed hydra
 10060 | D:9      | Killed a six-headed hydra
 10060 | D:9      | Reached ** piety under Sif Muna
 10115 | D:9      | Found Wamisuts's Magic Scroll Shoppe.
 10119 | D:9      | Bought a scroll of noise for 11 gold pieces
 10140 | D:9      | Noticed a two-headed ogre
 10143 | D:9      | Killed a two-headed ogre
 10197 | D:9      | Found Wihagi Zovi's Assorted Antiques.
 10213 | D:9      | Found Bivudomm's Book Emporium.
 10247 | D:9      | Reached skill level 12 in Spellcasting
 10303 | D:9      | Found a glowing golden altar of the Shining One.
 10323 | D:9      | Found Kyfecun's Antique Weapon Boutique.
 11050 | D:10     | Entered Level 10 of the Dungeon
 11184 | D:10     | Found a stormy altar of Qazlal.
 11258 | D:10     | Reached skill level 13 in Spellcasting
 11331 | D:10     | Found a glowing silver altar of Zin.
 11373 | D:10     | Found a white marble altar of Elyvilon.
 11375 | D:10     | Noticed a two-headed ogre
 11386 | D:10     | Killed a two-headed ogre
 11387 | D:10     | Reached skill level 5 in Transmutations
 11387 | D:10     | Reached skill level 5 in Invocations
 11387 | D:10     | Reached XP level 11. HP: 60/60 MP: 18/30
 11729 | D:11     | Found Vidutexa's Jewellery Shop.
 11743 | D:11     | Found a staircase to the Orcish Mines.
 12319 | D:11     | Found a staircase to the Lair.
 12335 | D:11     | Noticed a two-headed ogre
 12339 | D:11     | Killed a two-headed ogre
 12701 | D:11     | Reached skill level 10 in Air Magic
 13066 | D:11     | Noticed a boulder beetle
 13077 | D:11     | Killed a boulder beetle
 13193 | D:11     | Noticed a death knight
 13222 | D:11     | Killed a death knight
 13223 | D:11     | Reached skill level 14 in Spellcasting
 13543 | D:11     | Found a faded altar of an unknown god.
 13546 | D:11     | Found a hazy altar of Hepliaklqana.
 13989 | D:12     | Reached *** piety under Sif Muna
 14061 | D:12     | Found Umimewn's Magic Scroll Shoppe.
 14203 | D:12     | Noticed a two-headed ogre
 14215 | D:12     | Killed a two-headed ogre
 14342 | D:12     | Reached XP level 12. HP: 41/66 MP: 17/32
 14832 | D:12     | Noticed Snorg
 14854 | D:12     | Slain by Snorg

Illustrated notes

Levels and vault maps discovered:
D:1:      dpeg_arrival_boxes_within_box, layout_basic
D:2:      layout_loops_cross, basic_altar, serial_shops, nicolae_shop_stone,
          nicolae_square_shop, nicolae_shop_waterfront,
          chequers_serial_rivers_large_a
D:3:      layout_loops_ring, mainiacjoe_overflow_catwalk,
          gammafunk_ghost_necromancy, hangedman_feature_mirror, minivault_25,
          uniq_jessica
D:4:      layout_basic, uniq_robin
D:5:      layout_cave_pools, minmay_temple_entry_antechambers, enter_ossuary_3,
          uniq_grinder
D:6:      layout_basic, mainiacjoe_overflow_large_starburst,
          nicolae_shop_self_help, uniq_pikel, uniq_duvessa
D:7:      layout_rooms, trog_wizard, lemuel_doored_altar, nicolae_alphabet_shops
D:8:      layout_loops_corners
D:9:      layout_irregular_city, tso_oasis_becter, serial_shops,
          nicolae_shop_trees, nicolae_shop_hallway_plus, nicolae_diamond_shop,
          shop, shop, billiards_dpeg, uniq_grum
D:10:     layout_loops_cross, mainiacjoe_overflow_catch_the_wave,
          mainiacjoe_overflow_chevrons
D:11:     lemuel_ice_statue, layout_stronghold, lair_entry_dummy, david_orc_2,
          grunt_ogre_cave, nicolae_stop_n_shop_1,
          beargit_hepliaklqana_dungeon_heroes
D:12:     layout_stronghold, serial_shops, shop_statue, uniq_snorg
Temple:   nicolae_temple_figure_eight

Skill      XL: |  1  2  3  4  5  6  7  8  9 10 11 |
---------------+----------------------------------+-----
Stealth        | 3 |  3.0
Dodging        | 3 |  3.0
Spellcasting   | 4 5 6 7 9 11 13 14 | 14.8
Conjurations   | 2 3 4 5 6 |  6.6
Short Blades   | 1 |  1.0
Air Magic      | 4 5 6 8 9 10 | 10.6
Poison Magic   | 1 2 3 |  3.0
Fighting       | 1 3 4 |  4.3
Invocations    | 1 3 5 6 |  6.4
Earth Magic    | 3 |  3.7
Transmutations | 2 5 6 |  6.6

Action                   |  1- 3 |  4- 6 |  7- 9 | 10-12 || total
-------------------------+-------+-------+-------+-------++-------
Melee: Whip              |    11 |       |       |       ||    11
       Dagger            |     2 |   104 |     8 |       ||   114
       Quick blade       |    26 |       |       |       ||    26
       Punch             |     1 |     2 |       |     1 ||     4
       Long sword        |       |       |    14 |    33 ||    47
 Cast: Shock             |    67 |    79 |    90 |    24 ||   260
       Static Discharge  |     1 |    58 |    37 |    12 ||   108
       Airstrike         |       |       |    58 |   119 ||   177
       Swiftness         |       |       |     2 |     8 ||    10
       Olgreb's Toxic Ra |       |       |     3 |    33 ||    36
       Lightning Bolt    |       |       |       |     8 ||     8
Invok: Channel Magic     |       |       |       |     1 ||     1
  Use: Scroll            |       |       |     8 |     1 ||     9
       Potion            |       |       |     2 |     1 ||     3
 Stab: Sleeping          |     4 |     5 |     1 |       ||    10
Armor: Robe              |     8 |    65 |    16 |    31 ||   120
Dodge: Dodged            |    28 |    96 |    33 |    55 ||   212
